 Dungeon Crawl Stone Soup version 0.29.1-2-gbd0b4ee654 (webtiles) character file.

Game seed: 3629957350336400309

35 RascalDebosk the Magician (level 3, -2/25 HPs)
             Began as a Djinni Venom Mage on Oct 27, 2022.
             Slain by a necrophage (7 damage)
             ... on level 2 of the Dungeon.
             The game lasted 00:13:58 (1131 turns).

RascalDebosk the Magician (Djinni Venom Mage)       Turns: 1131, Time: 00:13:59

Health: -2/25      AC:  2    Str:  7    XL:     3   Next: 55%
Gold:   82         EV: 12    Int: 18    God:
                   SH:  0    Dex: 13

rFire   + + .      SeeInvis .   s - +0 dagger (venom)
rCold   x . .      Faith    .   (no shield)
rNeg    . . .      Spirit   .   a - +0 robe
rPois   ∞          Reflect  .   (no helmet)
rElec   .          Harm     .   (no cloak)
rCorr   .          Rampage  .   (no gloves)
Will    .....                   (boots unavailable)
Stlth   ++........              (no amulet)
HPRegen 0.08/turn               (no ring)
MPRegen 0.00/turn               (no ring)

@: flying
A: sickness immunity, fire resistance 2, cold vulnerability 1, float, innate
caster, HP casting, extra vitality 1
a: no special abilities


You were on level 2 of the Dungeon.
You visited 1 branch of the dungeon, and saw 2 of its levels.

You collected 82 gold pieces.

Inventory:

Hand Weapons
 s - a +0 dagger of venom (weapon)
Armour
 a - a +0 robe (worn)
Scrolls
 b - 3 scrolls of enchant weapon {unknown}
 c - a scroll of identify {unknown}
 d - a scroll of immolation {unknown}


   Skills:
 - Level 2.1 Dodging
 - Level 1.5 Stealth
 * Level 3.4 Spellcasting


You couldn't memorise any spells.
You knew the following spells:

 Your Spells              Type           Power      Damage    Failure   Level
a - Sting                 Tmut/Pois      60%        1d6       3%          1
b - Poisonous Vapours     Pois/Air       30%        N/A       6%          2
c - Mephitic Cloud        Conj/Pois/Air  15%        N/A       12%         3
d - Olgreb's Toxic Radia  Pois           15%        N/A       36%         4
e - Sandblast             Erth           30%        2d9       3%          1
Your spell library was empty.

Dungeon Overview and Level Annotations

Branches:
Dungeon (2/15)

Altars:


Innate Abilities, Weirdness & Mutations

You are immune to sickness and miasma.
You are immune to poison.
Your flesh is very heat resistant. (rF++)
You are vulnerable to cold. (rC-)
You float through the air rather than walking.
You learn spells naturally, not from books.
Your magical power is your life essence.
You have superior vitality. (+4 MHP)


Message History

Casting: Sting (safe; 4% risk of failure)
Confirm with . or Enter, or press ? or * to list all spells.
The spell is quite dangerous to miscast (13% risk of failure)!
Continue anyway?
Aiming: Mephitic Cloud (quite dangerous; 13% risk of failure)
Press: ? - help, Shift-Dir - straight line The ball explodes into a vile cloud!
The stinking cloud engulfs the quokka but does no damage.
You hear an angry hiss.
An adder comes into view.
An endoplasm comes into view.
Casting: Mephitic Cloud (quite dangerous; 13% risk of failure)
Confirm with . or Enter, or press ? or * to list all spells.
The spell is quite dangerous to miscast (13% risk of failure)!
Continue anyway?
Aiming: Mephitic Cloud (quite dangerous; 13% risk of failure)
Press: ? - help, Shift-Dir - straight line, f - quokka
Aim: a quokka (chance to affect: 96%)
The ball explodes into a vile cloud!
The stinking cloud engulfs the quokka but does no damage.
The stinking cloud engulfs the bat but does no damage. x2
The bat is engulfed in noxious fumes.
The bat appears confused.
The quokka is engulfed in noxious fumes.
The quokka appears confused.
The bat barely misses the adder.
Aiming: Sting (safe; 4% risk of failure)
Press: ? - help, Q - select action, (/) - cycle Shift-Dir - straight line, f/p - quokka
Aim: a quokka (confused, 86% to hit)
The sting misses the quokka.
The adder is engulfed in noxious fumes.
The adder appears confused.
The adder is engulfed in noxious fumes.
The adder appears confused.
Aiming: Sting (safe; 4% risk of failure)
Press: ? - help, Q - select action, (/) - cycle Shift-Dir - straight line, f - adder
Aim: an adder (confused, 83% to hit)
The sting hits the adder.
The adder is poisoned.
The adder is heavily wounded.
Aiming: Sting (safe; 4% risk of failure)
Press: ? - help, Q - select action, (/) - cycle Shift-Dir - straight line, f - bat, p - adder
Aim: a bat (57% to hit)
The sting hits the bat.
The bat is poisoned.
You kill the bat!
Aiming: Sting (safe; 4% risk of failure)
Press: ? - help, Q - select action, (/) - cycle Shift-Dir - straight line, f - you That beam is likely to hit you.
Continue anyway?
Okay, then.
Found a stone staircase leading down.
The adder looks more healthy.
The quokka bites you but does no damage.
A dart slug comes into view.
Aiming: Sting (safe; 4% risk of failure)
Press: ? - help, Q - select action, (/) - cycle Shift-Dir - straight line, f - quokka
Aim: a quokka (confused, 86% to hit)
The sting hits the quokka.
The quokka is poisoned.
You kill the quokka!
The adder bites you.
A necrophage comes into view.
Aiming: Sting (safe; 4% risk of failure)
Press: ? - help, Q - select action, (/) - cycle Shift-Dir - straight line, f - adder
Aim: an adder (almost dead, confused, 83% to hit)
The sting misses the adder.
* * * LOW HITPOINT WARNING * * *
Aiming: Sting (safe; 4% risk of failure)
Press: ? - help, Q - select action, (/) - cycle Shift-Dir - straight line, f/p - adder
Aim: an adder (almost dead, confused, 83% to hit)
The sting hits the adder.
The adder is poisoned.
You kill the adder!
* * * LOW HITPOINT WARNING * * *
Aiming: Sting (safe; 3% risk of failure)
Press: ? - help, Q - select action, (/) - cycle Shift-Dir - straight line, f - necrophage
Aim: a necrophage (74% to hit)
The sting hits the necrophage.
The necrophage partially resists.
The necrophage is lightly damaged.
* * * LOW HITPOINT WARNING * * *
The bat seems less confused.
The dart slug briefly extends its eye-stalks.
The bat hits you but does no damage. The bat barely misses you.
You closely miss the bat. The bat barely misses you.
The bat completely misses you.
You barely miss the necrophage.
The necrophage is lightly damaged.
The necrophage hits you.
* * * LOW HITPOINT WARNING * * *
You closely miss the bat. The bat closely misses you.
The necrophage barely misses you.
You closely miss the bat. The bat barely misses you. x2
The necrophage closely misses you.
Unknown command.
The bat closely misses you. x2
The bat attacks as you move away! The bat hits you but does no damage.
The bat barely misses you.
The necrophage attacks as you move away!
The necrophage closely misses you. The bat hits you but does no damage.
The necrophage attacks as you move away!
The necrophage barely misses you. The bat closely misses you.
The necrophage attacks as you move away!
The necrophage closely misses you.
The necrophage attacks as you move away!
The necrophage barely misses you. The bat misses you.
The bat closely misses you. The bat attacks as you move away!
The bat barely misses you.
The necrophage attacks as you move away!
The necrophage hits you!
You die...

. ........#.
#....#.### ..
.......#.###.####.. #.
.....#.#....# ####
#.##.##....####
#.........#
#..)##...####
#...)†......#
#######......#
#....b@......# .#
#....n#......# ##.
#.....#......#
...######w...#########
#..#........##
#.##....#####
##.......# ##..##..###
..........#


You could see a necrophage, a dart slug and a bat.

Vanquished Creatures
  An adder (D:2)
  A giant cockroach (D:1)
  4 goblins
  2 hobgoblins (D:1)
  4 jackals (D:1)
  3 quokkas
  3 ball pythons (D:1)
  3 bats
  2 kobolds (D:1)
  3 rats (D:1)
26 creatures vanquished.

Notes
Turn   | Place    | Note
-------+----------+-------------------------------------------
     0 | D:1      | RascalDebosk the Djinni Venom Mage began the quest for the
                  | Orb.
     0 | D:1      | RascalDebosk set off with the following spells memorised:
                  | Sting, Poisonous Vapours, Mephitic Cloud, Olgreb's Toxic
                  | Radiance.
     0 | D:1      | Reached XP level 1. HP: 15/15 MP: 0/0
   145 | D:1      | Reached XP level 2. HP: 17/21 MP: 0/0
   226 | D:1      | Reached skill level 3 in Spellcasting
   939 | D:1      | Reached XP level 3. HP: 24/25 MP: 0/0
   939 | D:1      | Learned a level 1 spell: Sandblast
   984 | D:1      | You are sucked into a shaft and drop 1 floor!
   999 | D:2      | Found a faded altar of an unknown god.
  1110 | D:2      | Noticed a necrophage
  1131 | D:2      | Slain by a necrophage

Illustrated notes

Levels and vault maps discovered:
D:1:      shiori_arrival_oz, layout_rooms, nicolae_hexahallways
D:2:      layout_basic, shapermc_ecumenical_altar_starsandcircs, minmay_bisected

Skill      XL: |  1  2 |
---------------+-------+-----
Spellcasting   | 3 |  3.4
Dodging        | |  2.1
Stealth        | |  1.5

Action                   || total
-------------------------++-------
Melee: Dagger            ||     4
 Cast: Sting             ||    37
       Poisonous Vapours ||     6
       Mephitic Cloud    ||     3
Armor: Robe              ||     6
Dodge: Dodged            ||    32
